 Dungeon Crawl Stone Soup version 0.19-a0-1002-g674d22e (webtiles) character file.

25 Gagarin the Charmwright (level 2, -1/19 HPs)
             Began as a High Elf Skald on July 18, 2016.
             Killed from afar by Ijyb (9 damage)
             ... with a wand of flame
             ... on level 2 of the Dungeon.
             The game lasted 00:02:02 (1168 turns).

Gagarin the Charmwright (High Elf Skald)            Turns: 1168, Time: 00:02:03

Health: -1/19      AC:  3    Str: 11    XL:     2   Next: 86%
Magic:  1/6        EV: 12    Int: 15    God:
Gold:   26         SH:  0    Dex: 14    Spells: 2 memorised, 3 levels left

rFire  . . .     SeeInvis .     a - +0 falchion
rCold  . . .     Gourm    .     b - +0 leather armour
rNeg   . . .     Faith    .     (no shield)
rPois  .         Spirit   .     (no helmet)
rElec  .         Dismiss  .     (no cloak)
rCorr  .         Reflect  .     (no gloves)
SustAt .         Harm     .     (no boots)
MR     .....                    (no amulet)
Stlth  +.........               (no ring)
                                (no ring)

@: shrouded (expiring), not resistant to hostile enchantments, very unstealthy
A: no striking features
a: no special abilities


You were on level 2 of the Dungeon.
You were not hungry.

You visited 1 branch of the dungeon, and saw 2 of its levels.

You collected 26 gold pieces.

Inventory:

Hand Weapons
 a - a +0 falchion (weapon)
Missiles
 l - 12 arrows
Armour
 b - a +0 leather armour (worn)
Jewellery
 h - a cursed ring of loudness {unknown}
Wands
 n - a wand of confusion (25/48)
Scrolls
 g - 4 scrolls of remove curse {unknown}
 j - a scroll of recharging {unknown}
Potions
 e - a potion of ambrosia {unknown}
 i - 2 potions of curing {unknown}
 o - a potion of lignification {unknown}
Books
 c - a book of Battle

   Spells                             Type                      Level
   a - Infusion                       Charms                       1
   b - Shroud of Golubria             Charms/Translocation         2
   c - Song of Slaying                Charms                       2
   d - Spectral Weapon                Hexes/Charms                 3
   e - Regeneration                   Charms/Necromancy            3
Comestibles
 d - 2 bread rations
 f - 2 chunks of flesh
 k - a meat ration
 m - a beef jerky


   Skills:
 + Level 2.0 Fighting
 + Level 2.7 Long Blades
 + Level 1.0 Armour
 + Level 1.8 Dodging
 + Level 0.2 Stealth
 + Level 2.5 Spellcasting
 + Level 4.2 Charms


You had 3 spell levels left.
You knew the following spells:

 Your Spells              Type           Power        Failure   Level  Hunger
a - Infusion              Chrm           ##..         6%          1    #......
b - Shroud of Golubria    Chrm/Tloc      #.........   21%         2    ###....


Dungeon Overview and Level Annotations

Branches:
Dungeon (2/15)

Altars:

Annotations:
D:2 Ijyb


Message History

Some of the chunks of flesh in your inventory have rotted away.
Casting: Shroud of Golubria
Confirm with . or Enter, or press ? or * to list all spells.
You don't have enough magic to cast that spell.
You barely miss Ijyb.
Ijyb is moderately wounded.
Your shroud begins to fray at the edges.
Ijyb zaps a wand.
The puff of flame hits you!
Ouch! That really hurt!
It is a wand of flame.
You closely miss Ijyb.
Ijyb is moderately wounded.
Your shroud bends Ijyb's attack away.
You hit Ijyb but do no damage.
Ijyb is moderately wounded.
Ijyb barely misses you.
You barely miss Ijyb.
Ijyb is moderately wounded.
Ijyb zaps a wand.
The puff of flame hits you!
You die...

##........## .#..........#
............# .
#..........#.%
#............#
#...........#
##....g...#.###
#.....@.......
#......)....## .
#...............
###....).....##..#
#######.#.................
..<.).....##..............
#######.## ##........####
.###### ####...########
.....# ##..##........


You could see Ijyb.

Vanquished Creatures
  A giant gecko (D:2)
  3 giant cockroaches (D:2)
  A goblin (D:2)
  2 hobgoblins (D:1)
  4 kobolds
  5 bats
  2 giant newts (D:1)
  7 rats
25 creatures vanquished.

Notes
Turn   | Place    | Note
-------+----------+-------------------------------------------
     0 | D:1      | Gagarin the High Elf Skald began the quest for the Orb.
     0 | D:1      | Reached XP level 1. HP: 14/14 MP: 4/4
   499 | D:1      | Reached XP level 2. HP: 19/19 MP: 1/6
   902 | D:2      | Reached skill level 1 in Armour
   922 | D:2      | Reached skill level 4 in Charms
  1109 | D:2      | Learned a level 2 spell: Shroud of Golubria
  1158 | D:2      | Noticed Ijyb
  1168 | D:2      | Killed from afar by Ijyb

Vault maps used:
D:1:      saegor_arrival_simple_a
D:2:      lemuel_round_altar, uniq_iyjb

Skill      XL: |  1  2 |
---------------+-------+-----
Armour         | 1 |  1.0
Charms         | 4 |  4.2
Fighting       | |  2.0
Long Blades    | |  2.7
Dodging        | |  1.8
Stealth        | |  0.2
Spellcasting   | |  2.5

Action                   || total
-------------------------++-------
Melee: Falchion          ||    75
 Cast: Infusion          ||    14
       Shroud of Golubri ||     1
  Eat: Chunk             ||     1
Armor: Leather armour    ||    18
Dodge: Dodged            ||    37
